 Dungeon Crawl Stone Soup version bcrawl-1.12-10-g10a67aa (webtiles) character file.

Game seed: 3495710763544357953

240 Raine357 the Sneak (level 5, -4/39 HPs)
             Began as a Vampire Rogue on June 13, 2019.
             Slain by an ogre
             ... wielding a +0 giant club
              (16 damage)
             ... on level 3 of the Dungeon.
             The game lasted 00:07:42 (2848 turns).

Raine357 the Sneak (Vampire Rogue)                  Turns: 2848, Time: 00:07:42

Health: -4/39      AC: 10    Str: 14    XL:     5   Next: 80%
Magic:  6/6        EV:  7    Int: 12    God:
Gold:   267        SH:  8    Dex: 20    Spells: 4/4 levels left

rFire    . . .     SeeInvis +   b - +0 blowgun
rCold    + . .     Gourm    .   t - +0 shield
rNeg     + + .     Faith    .   p - +0 ring mail
rPois    ∞         Spirit   .   v - +0 helmet
rElec    .         Reflect  .   d - +0 cloak
rCorr    .         Harm     .   (no gloves)
MR       .....                  w - +2 pair of boots
Stlth    +++++.....             (no amulet)
HPRegen  0.06/turn              r - +5 ring of dexterity
MPRegen  0.10/turn              (no ring)

@: bloodless, regenerating slowly
A: claws 1, fangs 3, see invisible, unbreathing
a: no special abilities


You were on level 3 of the Dungeon.
You were bloodless.

You visited 1 branch of the dungeon, and saw 3 of its levels.

You collected 267 gold pieces.

Inventory:

Hand Weapons
 a - a +2 dagger
 b - a +0 blowgun (weapon)
Missiles
 e - 429 poisoned needles (quivered)
 j - 104 bolts
 l - 278 stones
 m - 465 arrows
 u - 46 tomahawks
Armour
 d - a +0 cloak (worn)
 p - a +0 ring mail (worn)
   (You found it on level 1 of the Dungeon)
 t - a +0 shield (worn)
   (You took it off a kobold on level 2 of the Dungeon)
 v - a +0 helmet (worn)
   (You found it on level 2 of the Dungeon)
 w - a +2 pair of boots (worn)
   (You found it on level 3 of the Dungeon)
Jewellery
 r - a +5 ring of dexterity (left claw)
   (You found it on level 1 of the Dungeon)
Wands
 f - a wand of flame (15)
 g - a wand of enslavement (15)
Scrolls
 c - a scroll of teleportation {unknown}
 k - a scroll of immolation {unknown}
 o - 2 scrolls of remove curse
 q - a scroll of blinking {unknown}
 s - a scroll of fog {unknown}
 y - a scroll of identify {unknown}
Potions
 h - 23 potions of blood
 i - a potion of haste {unknown}
 n - a potion of agility {unknown}
 x - a potion of mutation {unknown}


   Skills:
 + Level 2.7 Fighting
 + Level 4.7 Short Blades
 - Level 1.5 Throwing
 - Level 7.2 Stealth
 + Level 1.9 Shields
 - Level 2.0 Evocations


You had 4 spell levels left.
You didn't know any spells.
Your spell library was empty.

Dungeon Overview and Level Annotations

Branches:
Dungeon (3/12)

Altars:
Cheibriados
Sif Muna


Innate Abilities, Weirdness & Mutations

You heal slowly.
You are immune to poison.
You have sharp fingernails.
You have razor-sharp teeth.
You have supernaturally acute eyesight. (SInv)
You can survive without breathing.


Message History

Press: ? - help, Shift-Dir - straight line, f/p - adder
Aim: an adder (poisoned)
You shoot a poisoned needle.
The poisoned needle barely misses the adder.
Firing (i - inventory. (/) - cycle)
e - 464 poisoned needles (quivered)
Press: ? - help, Shift-Dir - straight line, f/p - adder
Aim: an adder (lightly wounded, poisoned)
You shoot a poisoned needle. The poisoned needle misses the adder.
a - a +2 dagger (weapon)
You closely miss the adder.
The adder is lightly wounded.
The adder looks more healthy.
You block the adder's attack.
You hit the adder but do no damage.
The adder is lightly wounded.
The adder closely misses you. The adder bites you but does no damage.
You hit the adder.
The adder is heavily wounded.
The adder bites you but does no damage.
You miss the adder.
The adder is heavily wounded.
The adder bites you but does no damage.
You hit the adder. You bite the adder.
You kill the adder!
No target in view!
A leopard gecko comes into view.
The leopard gecko hisses angrily.
You hit the leopard gecko.
The leopard gecko is moderately wounded.
The leopard gecko bites you but does no damage.
You hit the leopard gecko.
The leopard gecko is heavily wounded.
The leopard gecko closely misses you.
You hit the leopard gecko.
You kill the leopard gecko!
No target in view!
Found a ring mail.
No target in view!
You now have 238 gold pieces (gained 25).
A sky beast and 3 orcs come into view.
b - a +0 blowgun (weapon)
Firing (i - inventory. (/) - cycle)
e - 463 poisoned needles (quivered)
Press: ? - help, Shift-Dir - straight line, f - sky beast
Aim: a sky beast (resting)
You shoot a poisoned needle.
The poisoned needle completely misses the sky beast.
The poisoned needle hits the orc.
The orc is poisoned.
The orc shouts!
An orc comes into view. It is wielding a +0 mace.
Firing (i - inventory. (/) - cycle)
e - 462 poisoned needles (quivered)
Press: ? - help, Shift-Dir - straight line, f/p - sky beast
Aim: a sky beast (hasn't noticed you)
You shoot a poisoned needle.
The poisoned needle barely misses the sky beast.
The poisoned needle hits the orc.
The orc is poisoned.
The orc shouts!
You hear a shout!
Firing (i - inventory. (/) - cycle)
e - 461 poisoned needles (quivered)
Press: ? - help, Shift-Dir - straight line, f/p - sky beast
Aim: a sky beast You shoot a poisoned needle.
The poisoned needle hits the sky beast.
The sky beast is poisoned.
Firing (i - inventory. (/) - cycle)
e - 460 poisoned needles (quivered)
Press: ? - help, Shift-Dir - straight line, f - orc
Aim: an orc, wielding a +0 short sword You shoot a poisoned needle.
The poisoned needle barely misses the orc.
The poisoned needle hits the orc.
The orc looks even sicker.
The orc is lightly wounded.
Firing (i - inventory. (/) - cycle)
e - 459 poisoned needles (quivered)
Press: ? - help, Shift-Dir - straight line, f/p - orc
Aim: an orc, wielding a +0 short sword You shoot a poisoned needle.
The poisoned needle closely misses the orc.
The poisoned needle hits the orc.
The orc looks even sicker.
The orc is lightly wounded.
Firing (i - inventory. (/) - cycle)
e - 458 poisoned needles (quivered)
Press: ? - help, Shift-Dir - straight line, f/p - orc
Aim: an orc, wielding a +0 short sword You shoot a poisoned needle.
The poisoned needle hits the sky beast.
The sky beast is lightly wounded.
a - a +2 dagger (weapon)
The sky beast hits you but does no damage.
You feel a bit more experienced.
The sky beast looks more healthy.
You hit the orc.
The orc is lightly wounded.
You block the orc's attack.
You hit the orc.
The orc is moderately wounded.
You kill the orc!
Your Fighting skill increases to level 2!
You block the orc's attack.
You hit the orc.
The orc is severely wounded.
The orc barely misses you.
You hit the orc.
You kill the orc!
You hit the sky beast.
The sky beast is moderately wounded.
You block the sky beast's attack.
You hit the sky beast.
The sky beast is moderately wounded.
The sky beast hits you but does no damage.
You closely miss the sky beast. Your bite misses the sky beast.
The sky beast is moderately wounded.
You hit the sky beast but do no damage. You bite the sky beast.
The sky beast is heavily wounded.
You block the sky beast's attack.
You miss the sky beast.
The sky beast is heavily wounded.
The sky beast hits you but does no damage.
You hit the sky beast. Your bite misses the sky beast.
The sky beast is severely wounded.
The sky beast barely misses you.
You hit the sky beast.
The sky beast is severely wounded.
You block the sky beast's attack.
You barely miss the sky beast.
The sky beast is severely wounded.
The sky beast flickers out of sight for a moment.
You block the sky beast's attack.
You hit the sky beast.
The sky beast is severely wounded.
You block the sky beast's attack.
You hit the sky beast but do no damage. You bite the sky beast.
The sky beast is almost dead.
The sky beast barely misses you.
You hit the sky beast.
The sky beast is almost dead.
You block the sky beast's attack.
You hit the sky beast.
You kill the sky beast!
Your Short Blades skill increases to level 4!
Your Shields skill increases to level 1!
You have reached level 5!
You feel agile.
You hit the orc.
The orc is heavily wounded.
The orc hits you but does no damage.
You hit the orc.
You kill the orc!
Things that are here:
a +0 whip; a +0 short sword; an orc corpse One of your 18 potions of blood rots away.
Things that are here:
a +0 dagger; an orc corpse You bottle the corpse's blood.
h - 18 potions of blood (gained 1)
You see here a +0 dagger. x2
You bottle the corpse's blood.
h - 19 potions of blood (gained 1)
Things that are here:
a +0 whip; a +0 short sword
Things that are here:
a +0 whip; a +0 short sword You see here a +0 dagger.
Found a stone staircase leading down.
x - a fuming golden potion
Things that are here:
a +0 mace; an orc corpse You bottle the corpse's blood.
Things that are here:
a potion of blood; a +0 mace; an orc skeleton
h - 20 potions of blood (gained 1)
Things that are here:
a +0 mace; an orc skeleton
There is a stone staircase leading down here.
There is a stone staircase leading down here.
You open the door.
There is an open door here.
You open the door.
There is an open door here.
You open the door.
There is an open door here.
A dart slug comes into view.
A leopard gecko and a kobold come into view.
The dart slug launches a dart at you. You block the slug dart.
You hit the dart slug but do no damage. You bite the dart slug.
The dart slug is moderately wounded.
You hit the dart slug.
The dart slug is severely wounded.
The kobold shouts!
You block the dart slug's attack.
The kobold throws a stone.
The stone hits you but does no damage.
The leopard gecko hisses angrily.
You hit the dart slug but do no damage.
The dart slug is severely wounded.
The dart slug bites you but does no damage.
You hit the dart slug. You bite the dart slug.
You kill the dart slug!
You block the kobold's attack. You block the leopard gecko's attack.
You hit the leopard gecko.
The leopard gecko is severely wounded.
You block the kobold's attack.
The leopard gecko bites you but does no damage.
You hit the leopard gecko.
You kill the leopard gecko!
The kobold hits you but does no damage.
You barely miss the kobold. The kobold hits you but does no damage.
You hit the kobold.
You kill the kobold!
No target in view!
As you read the scroll labeled OTHIQO MUCHURUEC, it crumbles to dust.
You feel blessed for a moment.
It was a scroll of remove curse.
Things that are here:
a +0 club; a kobold corpse You bottle the corpse's blood.
Things that are here:
a potion of blood; a +0 club; a kobold skeleton
h - 21 potions of blood (gained 1)
Things that are here:
a +0 club; a kobold skeleton You now have 254 gold pieces (gained 16).
y - a scroll labeled KOT ZIOJOGHU An adder comes into view.
b - a +0 blowgun (weapon)
Firing (i - inventory. (/) - cycle)
e - 457 poisoned needles (quivered)
Press: ? - help, Shift-Dir - straight line, f - adder
Aim: an adder (resting)
You shoot a poisoned needle. The poisoned needle hits the adder.
The adder is poisoned.
The adder hisses angrily.
Firing (i - inventory. (/) - cycle)
e - 456 poisoned needles (quivered)
Press: ? - help, Shift-Dir - straight line, f/p - adder
Aim: an adder (poisoned)
You shoot a poisoned needle.
The poisoned needle closely misses the adder.
Firing (i - inventory. (/) - cycle)
e - 455 poisoned needles (quivered)
Press: ? - help, Shift-Dir - straight line, f/p - adder
Aim: an adder (poisoned)
You shoot a poisoned needle. The poisoned needle misses the adder.
Firing (i - inventory. (/) - cycle)
e - 454 poisoned needles (quivered)
Press: ? - help, Shift-Dir - straight line, f/p - adder
Aim: an adder (poisoned)
You shoot a poisoned needle. The poisoned needle hits the adder.
The adder looks even sicker.
a - a +2 dagger (weapon)
The adder closely misses you.
You hit the adder.
The adder is moderately wounded.
The adder barely misses you.
You hit the adder. You bite the adder.
You kill the adder!
No target in view!
No target in view!
You bottle the corpse's blood.
h - 22 potions of blood (gained 1) 2 gnolls and an orc wizard come into view.
The orc wizard shouts!
You hear a shout!
b - a +0 blowgun (weapon)
The orc wizard gestures at you while chanting.
The magic dart hits you!
Firing (i - inventory. (/) - cycle)
e - 453 poisoned needles (quivered)
Press: ? - help, Shift-Dir - straight line, f - orc wizard
Aim: an orc wizard, wielding a -3 dagger and wearing a +0 robe You shoot a poisoned needle.
The poisoned needle barely misses the orc wizard.
The orc wizard mumbles some strange words.
The orc wizard blinks!
Firing (i - inventory. (/) - cycle)
e - 452 poisoned needles (quivered)
Press: ? - help, Shift-Dir - straight line, f/p - orc wizard
Aim: an orc wizard, wielding a -3 dagger and wearing a +0 robe You shoot a poisoned needle.
The poisoned needle closely misses the orc wizard.
Firing (i - inventory. (/) - cycle)
e - 451 poisoned needles (quivered)
Press: ? - help, Shift-Dir - straight line, f/p - orc wizard
Aim: an orc wizard, wielding a -3 dagger and wearing a +0 robe You shoot a poisoned needle.
The poisoned needle hits the orc wizard.
The orc wizard hits you with a cursed -3 dagger.
Firing (i - inventory. (/) - cycle)
e - 450 poisoned needles (quivered)
Press: ? - help, Shift-Dir - straight line, f/p - orc wizard
Aim: an orc wizard, wielding a -3 dagger and wearing a +0 robe You shoot a poisoned needle.
The poisoned needle barely misses the orc wizard.
An orc comes into view.
The orc wizard barely misses you.
Firing (i - inventory. (/) - cycle)
e - 449 poisoned needles (quivered)
Press: ? - help, Shift-Dir - straight line, f/p - orc wizard
Aim: an orc wizard, wielding a -3 dagger and wearing a +0 robe You shoot a poisoned needle.
The poisoned needle hits the orc wizard.
The orc wizard is poisoned.
The orc shouts!
You hear a shout! x2
The orc wizard hits you but does no damage.
An orc priest comes into view. It is wielding a +1 war axe of venom.
The orc wizard barely misses you.
The orc wizard hits you but does no damage.
The orc wizard casts a spell at you. The magic dart hits you!
The orc wizard casts a spell.
The orc wizard seems to speed up.
Firing (i - inventory. (/) - cycle)
e - 448 poisoned needles (quivered)
Press: ? - help, Shift-Dir - straight line, f/p - orc wizard
Aim: an orc wizard, wielding a -3 dagger and wearing a +0 robe (moderately wounded, fast)
You shoot a poisoned needle.
The poisoned needle barely misses the orc wizard.
The orc wizard gestures at you while chanting.
The magic dart hits you!
Firing (i - inventory. (/) - cycle)
e - 447 poisoned needles (quivered)
Press: ? - help, Shift-Dir - straight line, f/p - orc wizard
Aim: an orc wizard, wielding a -3 dagger and wearing a +0 robe (moderately wounded, fast)
You shoot a poisoned needle.
The poisoned needle closely misses the orc wizard.
You block the orc wizard's attack.
The orc wizard hits you but does no damage.
The orc wizard hits you but does no damage.
Firing (i - inventory. (/) - cycle)
e - 446 poisoned needles (quivered)
Press: ? - help, Shift-Dir - straight line, f/p - orc wizard
Aim: an orc wizard, wielding a -3 dagger and wearing a +0 robe (moderately wounded, fast)
You shoot a poisoned needle.
The poisoned needle hits the orc wizard.
The orc wizard is poisoned.
The orc wizard is moderately wounded.
The orc wizard hits you but does no damage.
You block the orc wizard's attack. The orc wizard casts a spell at you.
You resist with some effort.
The orc wizard points at you and mumbles some strange words.
You feel yourself slow down.
Firing (i - inventory. (/) - cycle)
e - 445 poisoned needles (quivered)
Press: ? - help, Shift-Dir - straight line, f/p - orc wizard
Aim: an orc wizard, wielding a -3 dagger and wearing a +0 robe (severely wounded, fast, poisoned)
You shoot a poisoned needle.
The poisoned needle hits the orc wizard.
The orc wizard looks even sicker.
The orc wizard is severely wounded.
The orc wizard hits you but does no damage.
You kill the orc wizard!
Unknown command.
Press: ? - help, v - describe, . - travel, g - get item A cursed -3 dagger.
There is something else lying underneath.
The floor.
You feel yourself speed up.
A kobold comes into view. It is wielding a +0 short sword.
The kobold moves out of view.
There is an open door here.
You close the door.
Really attack while wielding your +0 blowgun? [Y]es or [N]o only, please.
Really attack while wielding your +0 blowgun? [Y]es or [N]o only, please.
Really attack while wielding your +0 blowgun?
Okay, then.
There is a stone staircase leading up here.
You climb upwards.
There is a stone staircase leading down here.
You start resting.
One of your 22 potions of blood rots away.
You start resting.
HP restored.
You climb downwards.
There is a stone staircase leading up here.
The kobold is too close now for your liking.
A kobold is nearby!
Firing (i - inventory. (/) - cycle)
e - 444 poisoned needles (quivered)
Press: ? - help, Shift-Dir - straight line, f - kobold
Aim: a kobold, wielding a +0 short sword (hasn't noticed you)
You shoot a poisoned needle.
The poisoned needle barely misses the kobold.
The kobold shouts!
a - a +2 dagger (weapon)
There is an open door here.
You hit the kobold.
The kobold is moderately wounded.
You hit the kobold but do no damage. Your bite misses the kobold.
The kobold is moderately wounded.
The kobold hits you but does no damage.
You hit the kobold but do no damage. You bite the kobold.
You draw the kobold's blood!
You feel slightly less thirsty.
The kobold is severely wounded.
The kobold hits you but does no damage.
You hit the kobold.
You kill the kobold!
No target in view!
You now have 267 gold pieces (gained 13).
Things that are here:
a +0 short sword; a kobold corpse You bottle the corpse's blood.
h - 22 potions of blood (gained 1)
You see here a +0 short sword. x2
There is an open door here.
Found a glowing robe.
There is an open door here.
A ball python comes into view.
You see here a glowing robe.
The helpless ball python fails to defend itself.
You bite the ball python, and draw its blood!
You feel slightly less thirsty.
You spit the ball python like a pig!!!
You kill the ball python!
No target in view!
Found a stone staircase leading up.
You see here a ball python corpse.
You bottle the corpse's blood.
Things that are here:
a potion of blood; a ball python skeleton
h - 23 potions of blood (gained 1)
You see here a ball python skeleton.
There is an open door here.
An ogre comes into view. It is wielding a +0 giant club.
b - a +0 blowgun (weapon)
Firing (i - inventory. (/) - cycle)
e - 443 poisoned needles (quivered)
Press: ? - help, Shift-Dir - straight line, f - ogre
Aim: an ogre, wielding a +0 giant club (resting)
You shoot a poisoned needle. The poisoned needle hits the ogre.
The ogre is poisoned.
The ogre shouts!
You hear a shout!
Firing (i - inventory. (/) - cycle)
e - 442 poisoned needles (quivered)
Press: ? - help, Shift-Dir - straight line, f/p - ogre
Aim: an ogre, wielding a +0 giant club (lightly wounded, poisoned)
You shoot a poisoned needle.
The poisoned needle closely misses the ogre.
An orc comes into view. It is wielding a +0 trident.
Firing (i - inventory. (/) - cycle)
e - 441 poisoned needles (quivered)
Press: ? - help, Shift-Dir - straight line, f/p - ogre
Aim: an ogre, wielding a +0 giant club (lightly wounded, poisoned)
You shoot a poisoned needle.
The poisoned needle completely misses the ogre.
Firing (i - inventory. (/) - cycle)
e - 440 poisoned needles (quivered)
Press: ? - help, Shift-Dir - straight line, f/p - ogre
Aim: an ogre, wielding a +0 giant club (moderately wounded)
You shoot a poisoned needle. The poisoned needle hits the ogre.
The ogre is poisoned.
The ogre is moderately wounded.
Firing (i - inventory. (/) - cycle)
e - 439 poisoned needles (quivered)
Press: ? - help, Shift-Dir - straight line, f/p - ogre
Aim: an ogre, wielding a +0 giant club (moderately wounded, poisoned)
You shoot a poisoned needle. The poisoned needle hits the ogre.
The ogre looks even sicker.
The ogre is moderately wounded.
There is an open door here.
Firing (i - inventory. (/) - cycle)
e - 438 poisoned needles (quivered)
Press: ? - help, Shift-Dir - straight line, f/p - ogre
Aim: an ogre, wielding a +0 giant club (heavily wounded, poisoned)
You shoot a poisoned needle.
The poisoned needle barely misses the ogre.
Firing (i - inventory. (/) - cycle)
e - 437 poisoned needles (quivered)
Press: ? - help, Shift-Dir - straight line, f/p - ogre
Aim: an ogre, wielding a +0 giant club (heavily wounded, poisoned)
You shoot a poisoned needle. The poisoned needle hits the ogre.
The ogre looks even sicker.
The ogre is heavily wounded.
The ogre closely misses you.
The orc hits you from afar with a +0 trident.
Firing (i - inventory. (/) - cycle)
e - 436 poisoned needles (quivered)
Press: ? - help, Shift-Dir - straight line, f/p - ogre
Aim: an ogre, wielding a +0 giant club (severely wounded, poisoned)
You shoot a poisoned needle. The poisoned needle hits the orc.
The orc is poisoned.
The ogre looks more healthy.
The orc hits you from afar with a +0 trident.
Firing (i - inventory. (/) - cycle)
e - 435 poisoned needles (quivered)
Press: ? - help, Shift-Dir - straight line, f/p - orc
Aim: an orc, wielding a +0 trident (lightly wounded, poisoned)
You shoot a poisoned needle.
The poisoned needle barely misses the orc.
The orc closely misses you.
You see here a ball python skeleton.
Firing (i - inventory. (/) - cycle)
e - 434 poisoned needles (quivered)
Press: ? - help, Shift-Dir - straight line, f/p - orc
Aim: an orc, wielding a +0 trident (heavily wounded, poisoned)
You shoot a poisoned needle.
The poisoned needle barely misses the ogre.
The orc hits you but does no damage. You block the ogre's attack.
The orc looks more healthy.
Firing (i - inventory. (/) - cycle)
e - 433 poisoned needles (quivered)
Press: ? - help, Shift-Dir - straight line, f/p - ogre
Aim: an ogre, wielding a +0 giant club (severely wounded)
You shoot a poisoned needle. The poisoned needle hits the orc.
The orc is poisoned.
The orc is almost dead.
You block the orc's attack.
You kill the orc!
There is an open door here.
Firing (i - inventory. (/) - cycle)
e - 432 poisoned needles (quivered)
Press: ? - help, Shift-Dir - straight line, f - ogre
Aim: an ogre, wielding a +0 giant club (severely wounded)
You shoot a poisoned needle. The poisoned needle hits the ogre.
The ogre is severely wounded.
The ogre hits you with a +0 giant club!!
Ouch! That really hurt!
You are too injured to fight recklessly!
You are too injured to fight recklessly!
Firing (i - inventory. (/) - cycle)
e - 431 poisoned needles (quivered)
Press: ? - help, Shift-Dir - straight line, f/p - ogre
Aim: an ogre, wielding a +0 giant club (severely wounded)
You shoot a poisoned needle. The poisoned needle hits the ogre.
The ogre is poisoned.
The ogre is severely wounded.
The ogre looks more healthy.
Firing (i - inventory. (/) - cycle)
e - 430 poisoned needles (quivered)
Press: ? - help, Shift-Dir - straight line, f/p - ogre
Aim: an ogre, wielding a +0 giant club (severely wounded)
You shoot a poisoned needle. The poisoned needle hits the ogre.
The ogre is poisoned.
The ogre is severely wounded.
The ogre hits you with a +0 giant club.
The ogre looks more healthy.
The ogre hits you with a +0 giant club!
You die...

#..........##.<#.....).)....♣.
#..........#♣..♣♣.##...)......
#..........#..P♣♣............+
#..........#P....###.........#
#.###.######♣P...............#
#.# #.......♣♣♣P♣............#
#.# ###########.....##########
#.# #.O.....+.........
#.######## #@#.....########..
#........# #.#...........##.#
#####....# #.#...._..###.##.#
#....# #.#......####'##.#
#....# #.#......##....#.#
#....####.#......#.....'.#
##........#.....##.....###
##########.....##.....# #.....
#.....+


You could see an ogre.

Vanquished Creatures
  A sky beast (D:3)
  An orc wizard (D:3)
  3 adders (D:3)
  An ooze (D:1)
  A worm (D:2)
  4 dart slugs
  4 leopard geckos
  9 orcs
  A ball python (D:3)
  2 giant cockroaches (D:2)
  A goblin (D:2)
  8 hobgoblins
  7 jackals (D:2)
  13 kobolds
  5 bats
  3 frilled lizards
  4 rats (D:1)
68 creatures vanquished.

Notes
Turn   | Place    | Note
-------+----------+-------------------------------------------
     0 | D:1      | Raine357 the Vampire Rogue began the quest for the Orb.
     0 | D:1      | Reached XP level 1. HP: 13/13 MP: 2/2
    57 | D:1      | Reached XP level 2. HP: 20/20 MP: 3/3
   259 | D:1      | Reached skill level 1 in Fighting
   627 | D:1      | Reached XP level 3. HP: 19/26 MP: 4/4
   781 | D:1      | Reached skill level 7 in Stealth
  1375 | D:2      | Found a deep blue altar of Sif Muna.
  1676 | D:2      | Reached XP level 4. HP: 29/33 MP: 5/5
  2140 | D:3      | Found a snail-covered altar of Cheibriados.
  2270 | D:3      | Noticed a sky beast
  2299 | D:3      | Killed a sky beast
  2299 | D:3      | Reached skill level 1 in Shields
  2299 | D:3      | Reached XP level 5. HP: 39/39 MP: 6/6
  2786 | D:3      | Noticed an ogre
  2848 | D:3      | Slain by an ogre

Skill      XL: |  1  2  3  4 |
---------------+-------------+-----
Fighting       | 1 2 |  2.7
Short Blades   | 3 4 |  4.7
Stealth        | 7 |  7.2
Shields        | 1 |  1.9
Throwing       | |  1.5
Evocations     | |  2.0

Action                   |  1- 3 |  4- 6 || total
-------------------------+-------+-------++-------
Melee: Dagger            |   135 |    56 ||   191
       Bite              |    14 |     8 ||    22
 Fire: Blowgun           |    12 |    37 ||    49
  Use: Scroll            |       |     1 ||     1
 Stab: Sleeping          |     7 |     1 ||     8
Armor: Robe              |    11 |       ||    11
       Ring mail         |    35 |    27 ||    62
Dodge: Dodged            |    60 |    14 ||    74
Block: Shield            |    19 |    20 ||    39

Table legend:
 A = Turns spent in this place as a percentage of turns spent in the entire game.
 B = Non-inter-level travel turns spent in this place as a percentage of non-inter-level travel turns spent in the entire game.
 C = Inter-level travel turns spent in this place as a percentage of turns spent in this place.
 D = Turns resting spent in this place as a percentage of non-inter-level travel turns spent in this place.
 E = Turns spent auto-exploring this place as a percentage of non-inter-level travel turns spent in this place.
 F = Non-inter-level travel turns spent in this place divided by the number of levels of this place that you've seen.
                   A       B       C       D       E      F
               +-------+-------+-------+-------+-------+----------------------
         Total | 100.0 | 100.0 |   0.7 |  13.8 |  60.8 | 943.0
       Dungeon | 100.0 | 100.0 |   0.7 |  13.8 |  60.8 | 943.0
               +-------+-------+-------+-------+-------+----------------------

Table legend:
 A = Kills in this place as a percentage of kills in entire the game.
 B = Kills by you in this place as a percentage of kills by you in the entire game.
 C = Kills by friends in this place as a percentage of kills by friends in the entire game.
 D = Other kills in this place as a percentage of other kills in the entire game.
 E = Experience gained in this place as a percentage of experience gained in the entire game.
 F = Experience gained in this place divided by the number of levels of this place that you have seen.
                   A       B       C       D       E      F
               +-------+-------+-------+-------+-------+----------------------
         Total | 100.0 | 100.0 |   N/A |   N/A | 100.0 | 114.7
       Dungeon | 100.0 | 100.0 |   N/A |   N/A | 100.0 | 114.7
               +-------+-------+-------+-------+-------+----------------------
